 Dungeon Crawl Stone Soup version 0.31-a0-818-ge7c7cf74f0 (webtiles) character file.

Game seed: 591449445780949613

1288 Conn the Sneak (level 8, -1/48 HPs)
             Began as an Octopode Fire Elementalist on Sept 23, 2023.
             Was a Believer of Nemelex Xobeh.
             Slain by a gnoll
             ... wielding a +0 spear
              (3 damage)
             ... on level 6 of the Dungeon.
             The game lasted 00:14:44 (5413 turns).

Conn the Sneak (Octopode Fire Elementalist)         Turns: 5413, Time: 00:14:45

Health: -1/48      AC:  1    Str:  7    XL:     8   Next: 55%
Magic:  1/13       EV: 14    Int: 19    God:    Nemelex Xobeh [**....]
Gold:   338        SH:  0    Dex: 13    Spells: 1/14 levels left

rFire   . . .        x - +4 quarterstaff (chaos)
rCold   . . .        (shield currently unavailable)
rNeg    . . .        (helmet restricted)
rPois   .            i - amulet of the acrobat
rElec   .            (no ring)
rCorr   .            (no ring)
SInv    .            (no ring)
Will    .....        (no ring)
Stlth   ++++         (no ring)
HPRegen 0.28/turn    (no ring)
MPRegen 0.13/turn    (no ring)
                     (no ring)

%: acrobat
@: no status effects
A: almost no armour, amphibious, 8 rings, camouflage 1, gelatinous body 1,
(nimble swimmer 1), tentacles
a: Renounce Religion, Draw Escape, Draw Destruction, Draw Summoning


You were on level 6 of the Dungeon.
You worshipped Nemelex Xobeh.
Nemelex Xobeh was pleased with you.
You visited 1 branch of the dungeon, and saw 6 of its levels.

You collected 338 gold pieces.

Inventory:

Hand Weapons
 o - a +1 trident of venom
 x - a +4 quarterstaff of chaos (weapon)
Armour
 c - a +0 buckler
Magical Staves
 g - a staff of earth
Jewellery
 i - an amulet of the acrobat (around mantle)
Wands
 r - a wand of polymorph (7)
 s - a wand of paralysis (8)
Scrolls
 d - 3 scrolls of amnesia
 e - 2 scrolls of vulnerability
 j - a scroll of torment
 k - 2 scrolls of revelation
 l - a scroll of summoning
 m - a scroll of noise {unknown}
 y - a scroll of enchant armour {unknown}
 z - a scroll of immolation
Potions
 a - 2 potions of magic
 b - 2 potions of enlightenment {unknown}
 f - a potion of attraction {unknown}
 h - 3 potions of mutation {unknown}
 n - a potion of degeneration {unknown}
 p - 6 potions of curing {unknown}
 q - 2 potions of haste {unknown}
 t - a potion of berserk rage {unknown}
 u - a potion of lignification {unknown}
 v - 2 potions of cancellation {unknown}
 w - 2 potions of invisibility {unknown}


   Skills:
 + Level 1.2 Fighting
 + Level 4.2 Dodging
 + Level 5.9 Stealth
 + Level 3.3 Shields
 + Level 3.9 Spellcasting
 * Level 4.0 Conjurations
 - Level 3.0 Hexes
 + Level 4.7 Fire Magic
 + Level 0.6 Invocations


You had one spell level left.
You knew the following spells:

 Your Spells              Type           Power      Damage    Failure   Level
a - Foxfire               Conj/Fire      80%        2x1d8     2%          1
b - Scorch                Fire           42%        2d6       3%          2
c - Inner Flame           Hex/Fire       18%        N/A       9%          3
d - Flame Wave            Conj/Fire      20%        2d7       22%         4
e - Mephitic Cloud        Conj/Pois/Air  8%         N/A       24%         3

Your spell library contained the following spells:

 Spells                   Type           Power      Damage    Failure   Level
 Magic Dart               Conj           76%        1d6       2%          1
 Ensorcelled Hibernation  Hex/Ice        18%        N/A       12%         2
 Volatile Blastmotes      Fire/Tloc      24%        2d12      16%         3
 Call Imp                 Summ           6%         N/A       22%         2
 Passwall                 Tmut/Erth      2%         N/A       22%         2
 Swiftness                Air            3%         N/A       38%         3
 Simulacrum               Ice/Necr       1%         N/A       100%        6
 Ozocubu's Refrigeration  Ice            1%         4d7       100%        7
 Polar Vortex             Ice            1%         N/A       100%        9


Dungeon Overview and Level Annotations

Branches:
Dungeon (6/15)             Temple (0/1) D:5

Altars:
Dithmenos
Makhleb
Nemelex Xobeh
Xom
Zin

Shops:
D:1 (


Innate Abilities, Weirdness & Mutations

You cannot wear most types of armour.
You are amphibious.
You can wear up to eight rings at the same time.
Your skin changes colour to match your surroundings (Stealth+).
Your rubbery body absorbs attacks. (AC +1, EV +1)
((You are camouflaged when in or above water. (Stealth+)))
You have tentacles for arms and can constrict up to eight enemies at once.


Message History

You sock the gnoll! You burn the gnoll.
You kill the gnoll!
The gnoll closely misses you.
The gnoll barely misses the gnoll.
The gnoll hits you with a +0 club.
Unknown command.
You completely miss the gnoll. Your grab misses the gnoll.
The gnoll is heavily wounded.
The gnoll hits you from afar with a +0 spear.
The gnoll hits the gnoll with a +0 whip.
The gnoll hits itself with a +0 whip.
Your magical contamination has completely faded away.
You closely miss the gnoll. Your grab misses the gnoll.
You tentacle-slap the gnoll, but do no damage.
The gnoll is heavily wounded.
The gnoll misses you. x2
You thump the gnoll!
You kill the gnoll!
The gnoll hits you from afar with a +0 spear!
The gnoll hits you with a +0 club!
* * * LOW HITPOINT WARNING * * *
The gnoll hits you from afar with a +0 spear.
* * * LOW HITPOINT WARNING * * *
The gnoll hits you with a +0 club!
* * * LOW HITPOINT WARNING * * *
Unknown command.
Unknown command.
Unknown command.
Unknown command.
Unknown command.
Okay, then.
Unknown command.
You draw a card...
You have drawn Vitriol.
Press: ? - help, Shift-Dir - straight line, f - gnoll, p - gnoll
Aim: a gnoll, wielding a +0 club (heavily wounded)
Okay, then.
Okay, then.
The gnoll hits you from afar with a +0 spear.
You die...
Your body disappears without a glow.

..### ..... . ..#########
### ...<....... #..
.....###### ..# #.##.#
#.## ..##.# ######..##
#.#..# #........# ..#.##
#...g@...# #...####
#....g)..##.###
.......#######.g.(g.......
##.###............/.......
##.#############.........#
##.##..............)......
##..#.########...........#
##....# ...>^.........
...#.## #.............#


You could see 4 gnolls.

Vanquished Creatures
  Grinder (D:3)
  A centaur (D:5)
  A phantom (D:5)
  Blork the orc (D:4)
  A scorpion (D:6)
  3 jellies
  6 hounds
  Crazy Yiuf (D:4)
  An orc priest (D:3)
  4 iguanas
  A sleepcap (D:4)
  Ijyb (D:3)
  Natasha (thrice) (D:3)
  An orc wizard (D:6)
  6 adders
  5 gnolls
  A white imp (D:5)
  An ufetubus (D:4)
  2 worms
  2 dart slugs
  13 orcs
  6 endoplasms
  3 giant cockroaches
  5 goblins
  4 hobgoblins
  3 jackals (D:4)
  3 quokkas
  9 ball pythons
  3 bats (D:1)
  7 frilled lizards
  6 kobolds
  9 rats
  3 butterflies
117 creatures vanquished.

Vanquished Creatures (others)
  327 foxfires
327 creatures vanquished.

Grand Total: 444 creatures vanquished

Notes
Turn   | Place    | Note
-------+----------+-------------------------------------------
     0 | D:1      | Conn the Octopode Fire Elementalist began the quest for the
                  | Orb.
     0 | D:1      | Reached XP level 1. HP: 11/11 MP: 3/3
   211 | D:1      | Reached XP level 2. HP: 11/17 MP: 0/5
   387 | D:1      | Found Siqyo's Antique Weapon Shop.
   454 | D:1      | Reached skill level 3 in Stealth
   466 | D:1      | Found a faded altar of an unknown god.
   567 | D:1      | Reached XP level 3. HP: 21/21 MP: 0/6
   806 | D:1      | Learned a level 2 spell: Scorch
   810 | D:1      | Learned a level 3 spell: Inner Flame
  1010 | D:2      | Reached skill level 1 in Shields
  1317 | D:3      | Reached XP level 4. HP: 27/27 MP: 4/7
  1530 | D:3      | Noticed Grinder
  1532 | D:3      | Paralysed by Grinder for 5 turns
  1558 | D:3      | Killed Grinder
  1559 | D:3      | Reached skill level 4 in Stealth
  1559 | D:3      | Reached skill level 1 in Hexes
  1559 | D:3      | Reached XP level 5. HP: 31/31 MP: 2/9
  1559 | D:3      | Reached XP level 6. HP: 36/36 MP: 2/10
  1760 | D:3      | Noticed Natasha
  1763 | D:3      | Killed Natasha
  2258 | D:3      | Noticed Ijyb
  2265 | D:3      | Killed Ijyb
  2379 | D:3      | Reached XP level 7. HP: 23/41 MP: 6/11
  2542 | D:3      | Found a glowing silver altar of Zin.
  2623 | D:3      | Found a faded altar of an unknown god.
  2630 | D:3      | Found a shadowy altar of Dithmenos.
  2634 | D:3      | Prayed at the altar of an unknown god.
  2634 | D:3      | Became a worshipper of Nemelex Xobeh the Trickster
  2634 | D:3      | Reached * piety under Nemelex Xobeh
  2785 | D:3      | Noticed Natasha
  2789 | D:3      | Killed Natasha
  2800 | D:3      | Noticed Natasha
  2806 | D:3      | Killed Natasha
  2931 | D:4      | Reached skill level 5 in Stealth
  3012 | D:4      | Received a gift from Nemelex Xobeh
  3050 | D:4      | Noticed Blork the orc
  3067 | D:5      | Entered Level 5 of the Dungeon
  3568 | D:5      | Reached XP level 8. HP: 46/46 MP: 5/13
  3671 | D:5      | Learned a level 4 spell: Flame Wave
  3675 | D:5      | Learned a level 3 spell: Mephitic Cloud
  3994 | D:4      | Found a runed translucent door.
  3995 | D:4      | Noticed Crazy Yiuf
  4277 | D:4      | Killed Crazy Yiuf
  4453 | D:5      | Reached ** piety under Nemelex Xobeh
  4459 | D:5      | Found a burning altar of Makhleb.
  4662 | D:5      | Received a gift from Nemelex Xobeh
  4742 | D:5      | Found a staircase to the Ecumenical Temple.
  5128 | D:4      | Killed Blork the orc
  5220 | D:6      | Reached skill level 1 in Fighting
  5287 | D:6      | Found a shimmering altar of Xom.
  5412 | D:6      | HP: 2/48 [gnoll/+0 club (8)]
  5413 | D:6      | Slain by a gnoll

Illustrated notes

Levels and vault maps discovered:
D:1:      eino_arrival_tree_alley, layout_basic, serial_shops,
          nicolae_shop_tiny_waterfront, hellmonk_ecumenical_altar_blasted,
          minmay_door_square
D:2:      layout_rooms
D:3:      layout_loops_corners, nicolae_overflow_ecumenical_swirl,
          mainiacjoe_overflow_paths, serial_park_tiny_1, dk_vineyard_2,
          nicolae_hexahallways, cheibrodos_gnoll_hut, uniq_grinder, uniq_ijyb,
          uniq_natasha
D:4:      layout_basic, uniq_crazy_yiuf_cottage, uniq_blork_the_orc
D:5:      layout_gridville, makhleb_heckhound_becter,
          minmay_temple_entry_butterflies, roderic_serpentine_path,
          hangedman_decor_slide_cut
D:6:      layout_rooms, elyvilon_altar_5, mainiacjoe_overflow_chevrons,
          xom_butterflies, serial_co_window_serial, co_window_corner_a,
          co_window_paths_b, co_window_cross_1, co_window_paths_a,
          co_window_corner_a, co_window_paths_b, co_window_corner_a,
          co_window_cross_1, co_window_corner_a, co_window_2corner,
          co_window_broadway_a, co_window_of_opportunity_b, co_window_corner_b,
          co_window_paths_c, co_window_paths_e, glass_columns_b,
          glass_columns_b, glass_columns_b, glass_columns_a, glass_columns_a,
          kennysheep_small_circle

Skill      XL: |  1  2  3  4  5  6  7  8 |
---------------+-------------------------+-----
Stealth        | 3 4 5 |  5.9
Shields        | 1 2 3 |  3.3
Dodging        | 3 4 |  4.2
Conjurations   | 2 3 4 |  4.0
Hexes          | 1 2 3 |  3.0
Spellcasting   | 3 |  3.9
Fire Magic     | 4 |  4.7
Fighting       | 1 |  1.2
Invocations    | |  0.6

Action                     |  1- 3 |  4- 6 |  7- 9 || total
---------------------------+-------+-------+-------++-------
  Melee: Unarmed           |     4 |       |       ||     4
         Constrict         |     8 |     2 |     8 ||    18
         Tentacles         |     5 |     1 |     4 ||    10
         Staff             |    15 |     7 |       ||    22
         Trident           |       |     4 |    30 ||    34
         Punch             |       |       |     3 ||     3
         Quarterstaff      |       |       |     7 ||     7
   Cast: Foxfire           |    53 |    28 |   108 ||   189
         Scorch            |       |     7 |    19 ||    26
         Inner Flame       |       |     5 |     3 ||     8
         Mephitic Cloud    |       |       |     2 ||     2
 Invoke: Draw Destruction  |       |       |     1 ||     1
    Use: Scroll            |       |     1 |     5 ||     6
   Stab: Sleeping          |     2 |     2 |     4 ||     8
 Armour: Skin              |     9 |    12 |    21 ||    42
  Dodge: Dodged            |    16 |    24 |    37 ||    77

Table legend: (Time is in decaauts)
 A = Elapsed time spent in this place.
 B = Non-inter-level travel time spent in this place.
 C = Inter-level travel time spent in this place.
 D = Time resting spent in this place.
 E = Time spent auto-exploring this place.
 F = Levels seen in this place.
 G = Mean time per level.
                   A        B        C        D        E       F      G
               +--------+--------+--------+--------+--------+-----+--------+
         Total |   5430 |   5293 |    137 |    113 |   3816 |   6 |  905.0 |
       Dungeon |   5430 |   5293 |    137 |    113 |   3816 |   6 |  905.0 |
               +--------+--------+--------+--------+--------+-----+--------+

Top non-repeatable levels by time:
     D:3: 1705 daAuts
     D:5: 1342 daAuts
     D:4: 947 daAuts
     D:1: 830 daAuts
     D:2: 396 daAuts
     D:6: 207 daAuts
